 Dungeon Crawl Stone Soup version 0.30-a0-723-gc1506a1cf0 (webtiles) character file.

Game seed: 7046087563987385982

64 tkbsonic5 the Chopper (level 4, -4/40 HPs)
             Began as a Hill Orc Fighter on Jan 29, 2023.
             Was an Initiate of Fedhas.
             Slain by a gnoll
             ... wielding a +0 halberd
              (10 damage)
             ... on level 2 of the Dungeon.
             The game lasted 00:03:14 (1306 turns).

tkbsonic5 the Chopper (Hill Orc Fighter)            Turns: 1306, Time: 00:03:14

Health: -4/40      AC:  7    Str: 20    XL:     4   Next: 12%
Magic:  4/4        EV:  5    Int:  8    God:    Fedhas [......]
Gold:   120        SH:  0    Dex: 10    Spells: 3/3 levels left

rFire   . . .      SeeInvis .    a - +0 war axe
rCold   . . .      Faith    .    c - +0 buckler
rNeg    . . .      Spirit   .    b - +0 scale mail
rPois   .          Reflect  .    (no helmet)
rElec   .          Harm     .    (no cloak)
rCorr   .          Rampage  .    (no gloves)
Will    .....                    (no boots) Stlth
                                 (no amulet)
HPRegen 0.26/turn                (no ring)
MPRegen 0.09/turn                (no ring)

@: on berserk cooldown, held, slowed, very slow
A: no striking features
a: Renounce Religion


You were on level 2 of the Dungeon.
You worshipped Fedhas.
Fedhas was noncommittal.
You visited 1 branch of the dungeon, and saw 2 of its levels.

You collected 120 gold pieces.

Inventory:

Hand Weapons
 a - a +0 war axe (weapon)
Armour
 b - a +0 scale mail (worn)
 c - a +0 buckler (worn)
Magical Staves
 h - a staff of cold
Scrolls
 i - a scroll of identify {unknown}
 j - a scroll of acquirement {unknown}
 k - a scroll of teleportation {unknown}
Potions
 d - a potion of might
 f - a potion of berserk rage
 g - 2 potions of brilliance {unknown}


   Skills:
 + Level 3.9 Fighting
 * Level 4.3 Axes
 + Level 3.7 Armour
 + Level 0.2 Dodging
 + Level 3.8 Shields


You had 3 spell levels left.
You didn't know any spells.
Your spell library contained the following spells:

 Spells                   Type           Power      Damage    Failure   Level
 Freeze                   Ice            0%         1d3       85%         1
 Frozen Ramparts          Ice            0%         1d1       99%         3
 Hailstorm                Conj/Ice       0%         3d3       99%         3
 Anguish                  Hex/Necr       0%         N/A       100%        4
 Enfeeble                 Hex            0%         N/A       100%        7


Dungeon Overview and Level Annotations

Branches:
Dungeon (2/15)

Altars:
Fedhas


Message History

The gnoll hits you from afar with a +0 halberd!
The gnoll hits you with a +0 halberd!
* * * LOW HITPOINT WARNING * * *
The gnoll barely misses you.
You are too injured to fight recklessly!
Okay, then.
Okay, then.
You block the gnoll's attack.
The gnoll throws a throwing net.
The throwing net hits you.
You become entangled in the net!
You see here a throwing net.
You struggle against the net.
The gnoll closely misses you.
It was a potion of berserk rage.
A red film seems to cover your vision as you go berserk!
You feel yourself moving faster!
You feel mighty!
The gnoll hits you from afar with a +0 halberd.
* * * LOW HITPOINT WARNING * * *
You struggle against the net.
You feel a strong urge to attack something.
The gnoll hits you from afar with a +0 halberd.
* * * LOW HITPOINT WARNING * * *
The gnoll hits you from afar with a +0 spear.
* * * LOW HITPOINT WARNING * * *
You struggle against the net.
You rip the net and break free!
You feel your anger nearly subside.
You are no longer berserk.
You are exhausted.
You feel yourself slow down. The gnoll barely misses you.
The gnoll hits you from afar with a +0 spear.
* * * LOW HITPOINT WARNING * * *
It was a potion of curing.
You feel better.
The gnoll hits you from afar with a +0 halberd.
* * * LOW HITPOINT WARNING * * *
The gnoll throws a throwing net.
The throwing net hits you.
You become entangled in the net!
The gnoll completely misses you.
The gnoll hits you from afar with a +0 spear.
* * * LOW HITPOINT WARNING * * *
The gnoll hits you from afar with a +0 halberd!
You die...
Fedhas appreciates your contribution to the ecosystem.

.................................
.........†...........>........###
#.###............................
........##...................)(..
..###..###...................)...
#.####.###.......................
#...#.........######....#........
###..............##.....#......^.
................@..)#####........
...##..........#..g.# #########
###..............ggJ#
....#......###.##........#
..###..........######....#
............#### #...#
..########### ...# ..# ..# ..# .#


You could see 3 gnolls and an endoplasm.

Vanquished Creatures
  A worm (D:2)
  A dart slug (D:2)
  5 endoplasms
  4 goblins
  2 hobgoblins (D:1)
  12 jackals
  2 quokkas
  6 ball pythons
  8 bats
  3 frilled lizards (D:2)
  4 kobolds
  4 rats (D:1)
52 creatures vanquished.

Notes
Turn   | Place    | Note
-------+----------+-------------------------------------------
     0 | D:1      | tkbsonic5 the Hill Orc Fighter began the quest for the Orb.
     0 | D:1      | Reached XP level 1. HP: 19/19 MP: 1/1
   115 | D:1      | Reached skill level 3 in Axes
   115 | D:1      | Reached XP level 2. HP: 26/26 MP: 2/2
   463 | D:1      | Reached XP level 3. HP: 33/33 MP: 3/3
  1035 | D:2      | Reached skill level 4 in Axes
  1079 | D:2      | Reached XP level 4. HP: 29/40 MP: 4/4
  1141 | D:2      | Found a blossoming altar of Fedhas.
  1192 | D:2      | Became a worshipper of Fedhas Madash
  1305 | D:2      | HP: 2/40 [gnoll/+0 spear (1)]
  1306 | D:2      | Slain by a gnoll

Illustrated notes

Levels and vault maps discovered:
D:1:      dpeg_arrival_boxes_within_box, layout_basic, minmay_tetromino_t4
D:2:      layout_rooms, basic_altar

Skill      XL: |  1  2  3 |
---------------+----------+-----
Axes           | 3 4 |  4.3
Fighting       | |  3.9
Armour         | |  3.7
Dodging        | |  0.2
Shields        | |  3.8

Action                     |  1- 3 |  4- 6 || total
---------------------------+-------+-------++-------
  Melee: War axe           |   117 |    16 ||   133
    Use: Potion            |       |     2 ||     2
 Armour: Scale mail        |    78 |    11 ||    89
  Dodge: Dodged            |    73 |    12 ||    85
  Block: Buckler           |    29 |     3 ||    32

Table legend: (Time is in decaauts)
 A = Elapsed time spent in this place.
 B = Non-inter-level travel time spent in this place.
 C = Inter-level travel time spent in this place.
 D = Time resting spent in this place.
 E = Time spent auto-exploring this place.
 F = Levels seen in this place.
 G = Mean time per level.
                   A        B        C        D        E       F      G
               +--------+--------+--------+--------+--------+-----+--------+
         Total |   1352 |   1305 |     47 |      0 |    980 |   2 |  676.0 |
       Dungeon |   1352 |   1305 |     47 |      0 |    980 |   2 |  676.0 |
               +--------+--------+--------+--------+--------+-----+--------+

Top non-repeatable levels by time:
     D:1: 1035 daAuts
     D:2: 316 daAuts
